 Dungeon Crawl Stone Soup version 0.23-a0-577-g2b1de94 (webtiles) character file.

9602 Leeroy the Thaumaturge (level 11, -4/94 HPs)
             Began as a Gnoll Skald on Dec 15, 2018.
             Was a High Priest of Okawaru.
             Slain by Erolcha
             ... wielding a +0 giant club
              (18 damage)
             ... on level 11 of the Dungeon.
             The game lasted 01:23:25 (11612 turns).

Leeroy the Thaumaturge (Gnoll Skald)               Turns: 11612, Time: 01:23:25

Health: -4/94      AC: 15    Str: 13 (14) XL:     11   Next: 49%
Magic:  25/32      EV: 13    Int: 14 (15) God:    Okawaru [*****.]
Gold:   468        SH: 11    Dex: 17 (18) Spells: 1/26 levels left

rFire    . . .     SeeInvis .   F - +2 short sword (drain)
rCold    + . .     Gourm    .   l - +1 shield
rNeg     . . .     Faith    .   x - +3 ring mail {rC+}
rPois    .         Spirit   .   V - +0 helmet
rElec    .         Reflect  .   u - +0 cloak
rCorr    .         Harm     .   D - +2 pair of gloves
MR       .....                  (no boots)
Stlth    +++++.....             (no amulet)
HPRegen  0.00/turn              Z - ring of stealth
MPRegen  0.23/turn              s - ring of magical power

@: shrouded, very slightly contaminated, regenerating, drained
A: distributed training, fangs 1, camouflage 1, robust 1, inhibited
regeneration, evolution 1, strong nose
a: Heroism, Finesse, Renounce Religion


You were on level 11 of the Dungeon.
You worshipped Okawaru.
Okawaru was extremely pleased with you.
You were not hungry.

You visited 2 branches of the dungeon, and saw 12 of its levels.

You collected 742 gold pieces.
You spent 274 gold pieces at shops.

Inventory:

Hand Weapons
 k - a +3 dagger of chaos
 n - a +3 flail of holy wrath
 o - a +2 antimagic hand axe
 p - a cursed +3 battleaxe of freezing
 r - a +0 fustibalus
 w - a +3 falchion of holy wrath
 B - a +3 halberd of freezing
 F - a +2 short sword of draining (weapon)
 I - a +0 hand crossbow
 K - a +2 vampiric whip
 L - the +6 falchion "Zuohah" {antimagic, +Blink Int+2 Stlth+}
   (You bought it in a shop on level 8 of the Dungeon)

   It reduces the magical energy of the wielder, and disrupts the spells and
   magical abilities of those hit.
   Natural abilities and divine invocations are not affected.
   It affects your intelligence (+2).
   It lets you blink.
   It makes you more stealthy.
 R - a +0 shortbow
 W - a +3 hand axe of electrocution
Missiles
 a - 2 throwing nets
 e - 277 stones
 h - 5 javelins of penetration
 i - 7 exploding tomahawks
 j - 3 tomahawks of dispersal
 z - 20 tomahawks
 A - 246 arrows
 C - 80 bolts
 S - a tomahawk of returning (quivered)
 T - 7 javelins
 X - 69 sling bullets
Armour
 b - a +0 leather armour of fire resistance
 l - a +1 shield (worn)
 u - a +0 cloak (worn)
 x - a +3 ring mail of cold resistance (worn)
 y - a +0 robe of magic resistance
 D - a +2 pair of gloves (worn)
 U - a cursed +0 buckler
 V - a +0 helmet (worn)
Jewellery
 g - an uncursed ring of protection from magic
 m - an uncursed ring of protection from fire
 s - a ring of magical power (right hand)
 E - a +3 ring of intelligence
 M - a +3 ring of evasion
 Z - a ring of stealth (left hand)
Wands
 H - a wand of iceblast (10)
 Y - a wand of flame (23)
Scrolls
 c - a scroll of blinking {unknown}
 q - 4 scrolls of remove curse
 J - a scroll of magic mapping {unknown}
 O - a scroll of immolation {unknown}
 P - 4 scrolls of teleportation
 Q - a scroll of amnesia {unknown}
Potions
 t - 2 potions of agility
 v - 2 potions of cancellation
 G - a potion of might
 N - 2 potions of lignification
Comestibles
 d - 14 rations
 f - 4 chunks of flesh


   Skills:
 + Level 7.8(7.1) Fighting
 + Level 6.2(5.5) Short Blades
 + Level 7.8(7.1) Long Blades
 + Level 6.2(5.5) Axes
 + Level 6.2(5.5) Maces & Flails
 + Level 6.2(5.5) Polearms
 + Level 6.2(5.5) Staves
 + Level 6.2(5.5) Slings
 + Level 6.2(5.5) Bows
 + Level 6.2(5.5) Crossbows
 + Level 6.2(5.5) Throwing
 + Level 6.8(6.1) Armour
 + Level 7.8(7.1) Dodging
 + Level 6.2(5.5) Stealth
 + Level 6.2(5.5) Shields
 + Level 6.2(5.5) Unarmed Combat
 + Level 8.1(7.4) Spellcasting
 + Level 5.1(4.5) Conjurations
 + Level 5.1(4.5) Hexes
 + Level 7.6(6.9) Charms
 + Level 5.1(4.5) Summonings
 + Level 5.1(4.5) Necromancy
 + Level 5.1(4.5) Translocations
 + Level 5.1(4.5) Transmutations
 + Level 5.1(4.5) Fire Magic
 + Level 5.1(4.5) Ice Magic
 + Level 5.1(4.5) Air Magic
 + Level 5.1(4.5) Earth Magic
 + Level 5.1(4.5) Poison Magic
 + Level 6.8(6.2) Invocations
 + Level 6.2(5.5) Evocations


You had one spell level left.
You knew the following spells:

 Your Spells              Type           Power        Failure   Level  Hunger
a - Infusion              Chrm           ###.         5%          1    None
b - Song of Slaying       Chrm           ###.....     8%          2    None
c - Shroud of Golubria    Chrm/Tloc      ###.......   13%         2    None
d - Regeneration          Chrm/Necr      ###.......   26%         3    ##.....
e - Spectral Weapon       Hex/Chrm       ###.....     26%         3    ##.....
f - Call Canine Familiar  Summ           ###.....     38%         3    ##.....
g - Blink                 Tloc           N/A          22%         2    None
h - Magic Dart            Conj           ###.         14%         1    None
i - Conjure Flame         Conj/Fire      ###.....     38%         3    ##.....
j - Mephitic Cloud        Conj/Pois/Air  ###.....     38%         3    ##.....
k - Slow                  Hex            ###.....     22%         2    None

Your spell library contained the following spells:

 Spells                   Type           Power        Failure   Level  Hunger
 Summon Butterflies       Summ           ###.....     14%         1    None
 Call Imp                 Summ           ###.....     22%         2    None
 Summon Ice Beast         Ice/Summ       ###.....     80%         4    ####...
 Summon Mana Viper        Hex/Summ       ###.....     98%         5    #####..
 Summon Hydra             Summ           ###.......   100%        7    #######


Dungeon Overview and Level Annotations

Branches:
Dungeon (11/15)            Temple (1/1) D:7            Lair (0/6) D:9
    Orc (0/2) D:11

Altars:
Ashenzari
Cheibriados
Dithmenos
Elyvilon
Fedhas
Gozag
Hepliaklqana
Kikubaaqudgha
Makhleb
Nemelex Xobeh
Okawaru
Qazlal
Ru
Sif Muna
Trog
Uskayaw
Vehumet
Wu Jian
Xom
Yredelemnul
Zin
The Shining One

Shops:
D:4 [   D:6 ?   D:7 *   D:8 *   D:11 [

Annotations:
D:7 exclusion: oklob plant
D:11 Erolcha


Innate Abilities, Weirdness & Mutations

Your experience applies equally to all skills.
You have very sharp teeth.
Your uncanny sense of smell can sniff out nearby items.
Your skin changes colour to match your surroundings (Stealth+).
You are robust. (+10% HP)
You do not regenerate when monsters are visible.
You evolve.


Message History

You miscast Regeneration.
You are very lightly contaminated with residual magic.
Multicoloured lights dance before your eyes!
The orc shouts! x2; You hear some strange, mumbled words.
A stone arrow appears from out of thin air!
The stone arrow misses you.
Casting: Regeneration (safe; 26% risk of failure)
Confirm with . or Enter, or press ? or * to list all spells.
Your skin crawls.
The orc wizard looks satisfied for a moment.
An iguana comes into view.
The orc wizard hits you but does no damage.
The orc completely misses you.
Things that are here:
a +0 hand axe; a +0 chain mail The orc barely misses you.
The orc wizard points at you and mumbles some strange words.
The puff of frost hits you!
You hit the orc but do no damage. Something hits you!!
You die...

..............#......#
..............#......#
.......#####..#......##
.......#..)#..#........
....###...#..#......>.
#####.......'..#........
......lo.)..#..#........
..#....o..###..#........
.......@o.#....#........
#.#.......#....#........
..........#....#........
....#.....#....#........
.......#.....#....#.......#
#.......+.....#....#.......#
.........#.....#....###.....#
.........#.....#......#.....#
.........#+#####......#.....#


You could see an iguana, an orc wizard and 2 orcs.

Vanquished Creatures
  Harold (D:9)
  A two-headed ogre (D:10)
  A centaur warrior (D:10)
  Psyche (D:8)
  A hornet (D:7)
  3 hippogriffs
  Grum (D:8)
  A wyvern (D:10)
  A yak (D:10)
  Eustachio (D:6)
  A human (D:10)
  A steam dragon (D:8)
  Edmund (D:5)
  A water moccasin (D:6)
  Duvessa (D:6)
  7 orc warriors
  3 sky beasts
  4 ogres
  3 ice beasts
  2 black bears
  3 phantoms
  7 centaurs
  An eye of draining (D:11)
  3 wolves
  A big kobold (D:10)
  A crocodile (D:9)
  5 bullfrogs
  A gnoll sergeant (D:10)
  A water moccasin skeleton (D:7)
  Dowan (D:6)
  2 scorpions
  3 wights (D:11)
  A howler monkey (D:5)
  3 crimson imps
  A bullfrog zombie (D:9)
  6 jellies
  A quasit (D:7)
  2 hounds
  10 orc priests
  3 bullfrog skeletons
  A centaur skeleton (D:8)
  4 iguanas
  7 orc wizards
  10 worker ants
  A mummy (D:8)
  A howler monkey zombie (D:7)
  5 gnolls
  9 adders
  2 shadow imps
  An ooze (D:4)
  4 worms
  3 adder skeletons
  2 dart slugs
  4 leopard geckos
  63 orcs
  3 giant cockroaches
  4 hobgoblins
  6 quokkas
  9 bats
  3 frilled lizards
  5 goblins
  9 kobolds
  2 rats
  A fungus (D:7)
  A plant (D:7)
252 creatures vanquished.

Vanquished Creatures (others)
  3 spectral weapons
3 creatures vanquished.

Grand Total: 255 creatures vanquished

Notes
Turn   | Place    | Note
-------+----------+-------------------------------------------
     0 | D:1      | Leeroy the Gnoll Skald began the quest for the Orb.
     0 | D:1      | Reached XP level 1. HP: 20/20 MP: 6/6
   159 | D:1      | Reached XP level 2. HP: 26/26 MP: 7/7
   684 | D:2      | Reached XP level 3. HP: 31/31 MP: 9/9
   766 | D:2      | Reached skill level 5 in Spellcasting
   811 | D:2      | Found a basalt altar of Yredelemnul.
   988 | D:2      | Reached skill level 1 in Invocations
  1068 | D:3      | Noticed an ice beast
  1091 | D:3      | HP: 1/31 [ice beast (10)]
  1095 | D:3      | Killed an ice beast
  1095 | D:3      | Reached skill level 1 in Short Blades
  1095 | D:3      | Reached skill level 1 in Axes
  1095 | D:3      | Reached skill level 1 in Maces & Flails
  1095 | D:3      | Reached skill level 1 in Polearms
  1095 | D:3      | Reached skill level 1 in Staves
  1095 | D:3      | Reached skill level 1 in Slings
  1095 | D:3      | Reached skill level 1 in Bows
  1095 | D:3      | Reached skill level 1 in Crossbows
  1095 | D:3      | Reached skill level 1 in Throwing
  1095 | D:3      | Reached skill level 1 in Stealth
  1095 | D:3      | Reached skill level 1 in Shields
  1095 | D:3      | Reached skill level 1 in Unarmed Combat
  1095 | D:3      | Reached skill level 1 in Conjurations
  1095 | D:3      | Reached skill level 1 in Hexes
  1095 | D:3      | Reached skill level 1 in Summonings
  1095 | D:3      | Reached skill level 1 in Necromancy
  1095 | D:3      | Reached skill level 1 in Translocations
  1095 | D:3      | Reached skill level 1 in Transmutations
  1095 | D:3      | Reached skill level 1 in Fire Magic
  1095 | D:3      | Reached skill level 1 in Ice Magic
  1095 | D:3      | Reached skill level 1 in Air Magic
  1095 | D:3      | Reached skill level 1 in Earth Magic
  1095 | D:3      | Reached skill level 1 in Poison Magic
  1095 | D:3      | Reached skill level 1 in Evocations
  1095 | D:3      | Reached XP level 4. HP: 25/38 MP: 7/11
  1095 | D:3      | Reached XP level 5. HP: 29/43 MP: 7/12
  1099 | D:3      | Learned a level 2 spell: Song of Slaying
  1102 | D:3      | Learned a level 2 spell: Shroud of Golubria
  1106 | D:3      | Learned a level 3 spell: Regeneration
  1110 | D:3      | Learned a level 3 spell: Spectral Weapon
  1801 | D:3      | Reached XP level 6. HP: 16/50 MP: 13/13
  2473 | D:4      | Found a shadowy altar of Dithmenos.
  2554 | D:4      | Reached skill level 5 in Fighting
  2554 | D:4      | Reached skill level 5 in Long Blades
  2554 | D:4      | Reached skill level 5 in Dodging
  2609 | D:4      | Found an ancient bone altar of Kikubaaqudgha.
  2762 | D:4      | Reached XP level 7. HP: 34/56 MP: 10/15
  2799 | D:4      | Found Yvotudos's Antique Armour Shoppe.
  3181 | D:5      | Entered Level 5 of the Dungeon
  3474 | D:5      | Found a hazy altar of Hepliaklqana.
  3476 | D:5      | Found an iron altar of Okawaru.
  3492 | D:5      | Became a worshipper of Warmaster Okawaru
  3777 | D:5      | Reached XP level 8. HP: 53/63 MP: 12/16
  4001 | D:6      | HP: 3/63 [ogre/+0 giant club (26)]
  4282 | D:6      | Noticed Edmund
  4324 | D:5      | Killed Edmund
  4324 | D:5      | Reached skill level 6 in Spellcasting
  4371 | D:6      | Noticed Duvessa
  4378 | D:6      | Noticed Dowan
  4986 | D:6      | Killed Dowan
  4989 | D:6      | Killed Duvessa
  5120 | D:6      | Reached * piety under Okawaru
  5135 | D:6      | Found Nacaud's Magic Scroll Boutique.
  5152 | D:6      | Reached XP level 9. HP: 25/69 MP: 18/18
  5175 | D:6      | Bought a scroll of enchant weapon for 90 gold pieces
  5196 | D:6      | Noticed Eustachio
  5226 | D:6      | Killed Eustachio
  5267 | D:6      | Found a shimmering altar of Xom.
  5868 | D:7      | Found a blossoming altar of Fedhas.
  5880 | D:7      | Noticed an oklob plant
  5947 | D:7      | Reached ** piety under Okawaru
  6007 | D:7      | Found Pitu's General Store.
  6084 | D:7      | Reached skill level 5 in Armour
  6191 | D:7      | Found a burning altar of Makhleb.
  6191 | D:7      | Noticed an Executioner
  6194 | D:7      | Noticed an orange demon
  6194 | D:7      | Noticed an orange demon
  6296 | D:7      | Found a staircase to the Ecumenical Temple.
  6339 | D:7      | Noticed a hornet
  6347 | D:7      | Paralysed by a hornet for 1 turns
  6363 | D:7      | Killed a hornet
  6365 | D:7      | Reached skill level 5 in Invocations
  6434 | Temple   | Entered the Ecumenical Temple
  6639 | D:7      | Found a shadowy altar of Dithmenos.
  6640 | D:7      | Found a bloodstained altar of Trog.
  7029 | D:8      | Found a sparkling altar of Nemelex Xobeh.
  7029 | D:8      | Found Daashrem's Assorted Antiques.
  7040 | D:8      | Reached XP level 10. HP: 75/77 MP: 15/20
  7045 | D:8      | Found a snail-covered altar of Cheibriados.
  7053 | D:8      | Reached *** piety under Okawaru
  7053 | D:8      | Reached skill level 7 in Spellcasting
  7130 | D:8      | Bought a shimmering falchion for 184 gold pieces
  7203 | D:8      | Identified the +6 falchion "Zuohah" {antimagic, +Blink
                  | Int+2 Stlth+} (You bought it in a shop on level 8 of the
                  | Dungeon)
  7340 | D:8      | Noticed Grum
  7629 | D:8      | Reached skill level 5 in Short Blades
  7629 | D:8      | Reached skill level 5 in Axes
  7629 | D:8      | Reached skill level 5 in Maces & Flails
  7629 | D:8      | Reached skill level 5 in Polearms
  7629 | D:8      | Reached skill level 5 in Staves
  7629 | D:8      | Reached skill level 5 in Slings
  7629 | D:8      | Reached skill level 5 in Bows
  7629 | D:8      | Reached skill level 5 in Crossbows
  7629 | D:8      | Reached skill level 5 in Throwing
  7629 | D:8      | Reached skill level 5 in Stealth
  7629 | D:8      | Reached skill level 5 in Shields
  7629 | D:8      | Reached skill level 5 in Unarmed Combat
  7629 | D:8      | Reached skill level 5 in Evocations
  7764 | D:8      | Noticed Psyche
  7782 | D:8      | Killed Psyche
  7808 | D:8      | Killed Grum
  7808 | D:8      | Reached **** piety under Okawaru
  7906 | D:8      | Found a shattered altar of Ashenzari.
  8066 | D:9      | Noticed Harold
  8102 | D:9      | Killed Harold
  8118 | D:9      | Found a staircase to the Lair.
  8287 | D:9      | Found a snail-covered altar of Cheibriados.
  8320 | D:9      | Found a radiant altar of Vehumet.
  8987 | D:9      | Gained mutation: You are robust. (+10% HP) [potion of
                  | mutation]
  8987 | D:9      | Gained mutation: You do not regenerate when monsters are
                  | visible. [potion of mutation]
  8987 | D:9      | Gained mutation: You evolve. [potion of mutation]
  8987 | D:9      | Gained mutation: Your skin changes colour to match your
                  | surroundings (Stealth+). [potion of mutation]
  9029 | D:10     | Entered Level 10 of the Dungeon
  9029 | D:10     | Found a hide-covered altar of Uskayaw.
  9115 | D:10     | Learned a level 3 spell: Call Canine Familiar
  9316 | D:10     | Found a basalt altar of Yredelemnul.
  9316 | D:10     | Noticed a two-headed ogre
  9334 | D:10     | Reached XP level 11. HP: 51/92 MP: 22/22
  9473 | D:10     | Noticed a centaur warrior
  9945 | D:10     | Killed a centaur warrior
  9945 | D:10     | Reached ***** piety under Okawaru
  9948 | D:10     | Received a gift from Okawaru
  9990 | D:10     | Noticed a purple ugly thing
 10170 | D:10     | Reached skill level 5 in Conjurations
 10170 | D:10     | Reached skill level 5 in Hexes
 10170 | D:10     | Reached skill level 5 in Summonings
 10170 | D:10     | Reached skill level 5 in Necromancy
 10170 | D:10     | Reached skill level 5 in Translocations
 10170 | D:10     | Reached skill level 5 in Transmutations
 10170 | D:10     | Reached skill level 5 in Fire Magic
 10170 | D:10     | Reached skill level 5 in Ice Magic
 10170 | D:10     | Reached skill level 5 in Air Magic
 10170 | D:10     | Reached skill level 5 in Earth Magic
 10170 | D:10     | Reached skill level 5 in Poison Magic
 10174 | D:10     | Learned a level 2 spell: Blink
 10176 | D:10     | Learned a level 1 spell: Magic Dart
 10180 | D:10     | Learned a level 3 spell: Conjure Flame
 10184 | D:10     | Learned a level 3 spell: Mephitic Cloud
 10187 | D:10     | Learned a level 2 spell: Slow
 10302 | D:10     | Received a gift from Okawaru
 10321 | D:10     | Killed a two-headed ogre
 10321 | D:10     | Reached skill level 8 in Spellcasting
 10921 | D:11     | Found Ahoulatz's Armour Shop.
 10923 | D:11     | Found a staircase to the Orcish Mines.
 10939 | D:11     | Noticed Erolcha
 11089 | D:11     | HP: 4/94 [poisoned by a worker ant]
 11097 | D:11     | HP: 2/94 [poisoned by a worker ant]
 11105 | D:11     | HP: 4/94 [poisoned by a worker ant]
 11612 | D:11     | Slain by Erolcha

Vault maps used:
D:1:      onia_arrival_mini_maze_b, minmay_pentomino_q4
D:2:      marbit_many_paths, first_ration
D:3:      kennysheep_generic_room_14
D:4:      kiku_gazebo_pond_becter, serial_shops, shop_fountains,
          grunt_dithmenos_smoke_and_mirrors
D:5:      chequers_temple_overflow_statue_of_worship,
          chequers_hall_statues_wall_a
D:6:      lemuel_round_altar, serial_shops, shop_statue, uniq_duvessa,
          uniq_eustachio, uniq_edmund
D:7:      makhleb_altar_promises_db, gammafunk_temple_overflow_pools,
          minmay_temple_entry_statues, serial_shops, shop, tgw_fedhas
D:8:      lemuel_coloured_pillars_altar, slow_altar_1,
          nemelex_xobeh_ov_fountains_minmay, serial_shops, shop, uniq_psyche,
          uniq_grum
D:9:      overflow_temple_1_default, dpeg_oklobed_lair, basic_altar, uniq_harold
D:10:     basic_altar, grunt_pizzeria, minmay_ruined_shrine
D:11:     orc_david_3, serial_shops, nicolae_shop_trees, hangedman_decor_lopped,
          uniq_erolcha
Temple:   cyrus_temple_forest

Skill      XL: |  1  2  3  4  5  6  7  8  9 10 11 |
---------------+----------------------------------+-----
Spellcasting   | 5 6 7 8 |  8.1
Invocations    | 1 2 3 4 5 6 |  6.8
Short Blades   | 1 2 3 4 5 6 |  6.2
Axes           | 1 2 3 4 5 6 |  6.2
Maces & Flails | 1 2 3 4 5 6 |  6.2
Polearms       | 1 2 3 4 5 6 |  6.2
Staves         | 1 2 3 4 5 6 |  6.2
Slings         | 1 2 3 4 5 6 |  6.2
Bows           | 1 2 3 4 5 6 |  6.2
Crossbows      | 1 2 3 4 5 6 |  6.2
Throwing       | 1 2 3 4 5 6 |  6.2
Stealth        | 1 2 3 4 5 6 |  6.2
Shields        | 1 2 3 4 5 6 |  6.2
Unarmed Combat | 1 2 3 4 5 6 |  6.2
Conjurations   | 1 2 3 4 5 |  5.1
Hexes          | 1 2 3 4 5 |  5.1
Summonings     | 1 2 3 4 5 |  5.1
Necromancy     | 1 2 3 4 5 |  5.1
Translocations | 1 2 3 4 5 |  5.1
Transmutations | 1 2 3 4 5 |  5.1
Fire Magic     | 1 2 3 4 5 |  5.1
Ice Magic      | 1 2 3 4 5 |  5.1
Air Magic      | 1 2 3 4 5 |  5.1
Earth Magic    | 1 2 3 4 5 |  5.1
Poison Magic   | 1 2 3 4 5 |  5.1
Evocations     | 1 2 3 4 5 6 |  6.2
Armour         | 3 4 5 6 |  6.8
Fighting       | 5 6 7 |  7.8
Long Blades    | 5 6 7 |  7.8
Dodging        | 5 6 7 |  7.8
Charms         | 6 7 |  7.6

Action                   |  1- 3 |  4- 6 |  7- 9 | 10-12 || total
-------------------------+-------+-------+-------+-------++-------
Melee: Falchion          |   100 |   200 |   381 |   378 ||  1059
       Bite              |     3 |    27 |    75 |    67 ||   172
       Hand axe          |       |       |    11 |    29 ||    40
       Rapier            |       |       |     1 |     1 ||     2
       Punch             |       |       |     1 |       ||     1
       Dagger            |       |       |       |    68 ||    68
       Short sword       |       |       |       |    20 ||    20
 Fire: Hunting sling     |       |     6 |       |       ||     6
Throw: Stone             |       |     4 |     1 |       ||     5
       Tomahawk          |       |       |     9 |    17 ||    26
       Javelin           |       |       |     7 |       ||     7
 Cast: Infusion          |     1 |       |     1 |       ||     2
       Shroud of Golubri |       |     2 |     2 |     5 ||     9
       Song of Slaying   |       |     1 |     2 |     3 ||     6
       Spectral Weapon   |       |       |    12 |     6 ||    18
       Regeneration      |       |       |     2 |    11 ||    13
       Call Canine Famil |       |       |       |     2 ||     2
       Conjure Flame     |       |       |       |     3 ||     3
       Mephitic Cloud    |       |       |       |     3 ||     3
       Blink             |       |       |       |     2 ||     2
Invok: Heroism           |       |       |     1 |       ||     1
 Abil: Evoke Blink       |       |       |       |     1 ||     1
  Use: Scroll            |     1 |     2 |     1 |    14 ||    18
       Potion            |     2 |       |     6 |    14 ||    22
 Stab: Sleeping          |     1 |     1 |     1 |     9 ||    12
       Distracted        |       |       |       |     8 ||     8
       Petrifying        |       |       |       |     1 ||     1
  Eat: Chunk             |     1 |     6 |     7 |     6 ||    20
       Ration            |       |       |     3 |     3 ||     6
Armor: Leather armour    |    26 |    11 |       |       ||    37
       Ring mail         |       |    62 |   116 |   199 ||   377
       Skin              |       |       |       |     1 ||     1
Dodge: Dodged            |    83 |   117 |   256 |   310 ||   766
Block: Shield            |    28 |    86 |   130 |   339 ||   583
       Rpst.: Falchion   |    21 |    42 |    73 |    63 ||   199

Table legend:
 A = Non-vault XP
 B = Vault XP
 C = Vault XP percentage of total XP
 D = Non-vault monster count
 E = Vault monster count
 F = Vault count percentage of total count
                 A         B        C        D         E       F
            +---------+---------+-------+---------+---------+-------
      Total |    9827 |    3891 |  28.4 |     203 |      47 |  18.8
            +---------+---------+-------+---------+---------+-------
        D:1 |      24 |       6 |  20.0 |      15 |       3 |  16.7
        D:2 |      26 |       2 |   7.1 |       7 |       1 |  12.5
        D:3 |     267 |       0 |   0.0 |      23 |       0 |   0.0
        D:4 |     432 |       0 |   0.0 |      24 |       0 |   0.0
        D:5 |     519 |     162 |  23.8 |      10 |       1 |   9.1
        D:6 |    1098 |     412 |  27.3 |      17 |       3 |  15.0
        D:7 |    1666 |     227 |  12.0 |      23 |       2 |   8.0
        D:8 |     887 |     782 |  46.9 |      23 |       4 |  14.8
        D:9 |    1207 |    1217 |  50.2 |      21 |      23 |  52.3
       D:10 |    3044 |     804 |  20.9 |      28 |       5 |  15.2
       D:11 |     657 |     279 |  29.8 |      12 |       5 |  29.4
            +---------+---------+-------+---------+---------+-------
